woodfighter, chaotic female elven Priestess --------------- |.............| |........<....| #-.............| ###-----+--------- # ### # # # -+--------# |......f..# |.......d| |......@e.B ---------- woodfighter the Acolyte Experience level: 3 Strength: 11 Dexterity: 14 Constitution: 13 Intelligence: 17 Wisdom: 11 Charisma: 11 Health: 0(22) Energy: 38(38) Def: 3 Gold: 400 Moves: 1213 Dungeon seed: hB-AtxUmLh6Iyn3Y Game ID: woodfighter_1534420181 Your Inventory: Coins $ - 400 gold pieces Weapons a - a blessed +1 mace (weapon in hand) Armor e - a +0 robe (being worn) n - a +0 small shield (being worn) Comestibles d - a sprig of wolfsbane r - 2 cram rations Scrolls m - a scroll of fire o - 2 scrolls of scare monster u - a blessed scroll of confuse monster Potions p - a potion of invisibility v - a potion of gain ability Wands f - a wand of cancellation (0:1) Tools j - a tooled horn s - an oilskin sack w - a magic whistle W - a blindfold Contents of the oilskin sack: a spellbook of cure sickness a spellbook of light a spellbook of protection 4 potions of holy water Spells and supernatural/magical abilities: Name Level Category Fail Memory l - light 1 divination 0% 94% p - protection 1 clerical 0% 94% K - cure sickness 3 healing 81% 94% W - pray for help -- divine ? -- X - turn undead -- divine ? -- Your skills at the end: Miscellaneous Skills shield [Basic] wands [Basic] Weapon Skills mace [Basic] Spellcasting Skills clerical spells [Basic] Final Attributes: You were piously aligned. You had infravision. You were very stealthy. You are dead. Vanquished creatures: a kobold lord an iguana 2 hobbits 2 giant rats a gnome zombie 2 kobolds 5 newts 3 goblins 2 grid bugs 2 bats a lichen 2 kobold zombies 24 creatures vanquished. Voluntary challenges: You did not adorn yourself with jewelry or accessories. You did not cause conflict. You were not invisible. You did not have reflection. You were not displaced. You used a wielded weapon 30 times, starting on turn 31. You did not apply a unicorn horn. You did not use plumbed fixtures. You did not drink any magical draughts. You were illiterate. You never genocided any monsters. You never polymorphed an object. You never changed form. You used no wishes. You never split a pudding. You never wrote Elbereth's name. You never violated your personal moral code. Dungeon overview: The Dungeons of Doom: levels 1 to 4 Level 1 an altar to Thoth a long staircase Level 2 (water + vault) a fountain stairs to The Gnomish Mines Level 3 an altar to Ptah, a fountain Level 4 <- You were here The Gnomish Mines: Level 3 stairs to The Dungeons of Doom History has recorded: On T:1 you entered the Dungeons of Doom to retrieve the Amulet of Yendor! On T:98 you reached level 2 of The Dungeons of Doom. On T:653 you reached level 3 of The Dungeons of Doom. On T:666 you advanced to experience level 2. On T:682 you reached level 1 of The Gnomish Mines. On T:966 you prayed to Anhur. On T:988 you advanced to experience level 3. On T:1179 you reached level 4 of The Dungeons of Doom. Score breakdown: Gold: 400 ( 40 points) Experience: 3 levels ( 200 points) Exploration: 4 levels ( 90 points) Discoveries: 6 items ( 300 points) Variety of kills: 12 monsters ( 600 points) Major goal: (nothing yet) ( 0 points) Survival: died (score multiplied by 3) Total score: 3690 Latest messages: The door opens. You stop exploring. You kill the giant rat! You hit the giant rat. The giant rat bites! You kill the giant rat! Kitty misses the gnome zombie. You destroy the gnome zombie! You stop exploring. The iguana bites! You hit the iguana. You hit the iguana! The iguana bites! You kill the iguana! You hear some noises. You hear some noises in the distance. You see here a large box. v - a golden potion. You hit the floating eye. As you meet its deep, meaningful gaze, you feel its suffering as though it were your own. The puppy bites! (2x) You hit the puppy. The puppy bites! You hit the puppy. The puppy bites! You die... Final status: Goodbye woodfighter the Priestess, killed by a puppy... You died in The Dungeons of Doom on dungeon level 4 with 3690 points, and 400 pieces of gold, after 1213 moves. You were level 3 with a maximum of 22 hit points when you died.